 Dungeon Crawl Stone Soup version 0.23-a0-644-gb60d84b635 (webtiles) character file.

1105 HereIgoKillingAgain the Magician (level 8, -4/41 HPs)
             Began as a Deep Elf Fire Elementalist on Jan 1, 2019.
             Was a Believer of Sif Muna.
             Shot with an arrow by a centaur (14 damage)
             ... on level 5 of the Dungeon.
             The game lasted 00:08:06 (5029 turns).

HereIgoKillingAgain the Magician (DEFE)             Turns: 5029, Time: 00:08:07

Health: -4/41      AC:  6    Str:  5    XL:     8   Next: 11%
Magic:  30/30      EV: 13    Int: 23    God:    Sif Muna [**....]
Gold:   176        SH:  0    Dex: 15    Spells: 9/22 levels left

rFire    . . .     SeeInvis .   u - +4 quarterstaff (chaos)
rCold    . . .     Gourm    .   (shield currently unavailable)
rNeg     . . .     Faith    .   a - +0 robe
rPois    .         Spirit   .   b - +0 helmet
rElec    .         Reflect  .   v - +2 cloak
rCorr    .         Harm     .   (no gloves)
MR       .....                  (no boots)
Stlth    ++........             (no amulet)
HPRegen  0.13/turn              e - ring of magical power
MPRegen  0.22/turn              (no ring)

@: no status effects
A: no striking features
a: Divine Energy, Renounce Religion


You were on level 5 of the Dungeon.
You worshipped Sif Muna.
Sif Muna was pleased with you.
You were not hungry.

You visited 1 branch of the dungeon, and saw 5 of its levels.

You collected 176 gold pieces.

Inventory:

Hand Weapons
 u - a +4 quarterstaff of chaos (weapon)
Armour
 a - a +0 robe (worn)
 b - a +0 helmet (worn)
 v - a +2 cloak (worn)
Jewellery
 e - a ring of magical power (left hand)
Scrolls
 r - 3 scrolls of remove curse
Potions
 g - a potion of berserk rage
 i - 4 potions of curing
 q - a potion of might
 s - a potion of magic
 t - a potion of degeneration
Comestibles
 c - 5 rations


   Skills:
 - Level 2.4 Dodging
 - Level 2.4 Stealth
 + Level 7.8 Spellcasting
 + Level 6.0 Conjurations
 + Level 6.8 Fire Magic


You had 9 spell levels left.
You knew the following spells:

 Your Spells              Type           Power        Failure   Level  Hunger
a - Flame Tongue          Conj/Fire      #####        1%          1    None
b - Conjure Flame         Conj/Fire      #####...     1%          3    None
c - Sticky Flame          Conj/Fire      #####...     4%          4    ###....
d - Fireball              Conj/Fire      #####.....   14%         5    #####..

Your spell library contained the following spells:

 Spells                   Type           Power        Failure   Level  Hunger
 Throw Flame              Conj/Fire      #####.       1%          2    None
 Inner Flame              Hex/Fire       ###.....     5%          3    None


Dungeon Overview and Level Annotations

Branches:
Dungeon (5/15)
 Temple: D:4-7

Altars:
Dithmenos
Ru
Sif Muna

Shops:
D:4 !

Annotations:
D:3 1 runed door, 1 exclusion, Napalmbreeze's ghost, amateur DDFi


Message History

You see here an arrow.
The centaur shoots an arrow.
The arrow completely misses you.
You see here an arrow.
An ooze comes into view.
The centaur shoots an arrow.
The arrow hits you!
You see here an arrow.
The ooze hits you but does no damage.
The centaur shoots an arrow.
The arrow misses you. The ooze closely misses you. The ooze closely misses you.
The ooze barely misses you.
You hit the ooze. Lightning courses through the ooze!
You kill the ooze!
Sif Muna accepts your kill.
The centaur shoots an arrow.
The arrow hits you!
The centaur shoots an arrow.
The arrow hits you but does no damage.
The centaur shoots an arrow.
The arrow hits you!
* * * LOW HITPOINT WARNING * * *
The centaur shoots an arrow.
The arrow hits you!
You die...

###... ......
..... ....#
#...## #...##
#...# #@(## ..#
##..## ...#
#c..####...#
##.........#
#.)......#
#..>.....# #
##(.....##
..#####...<..##
#......(.†...#


You could see a centaur.

Vanquished Creatures
  Grinder (D:3)
  Menkaure (D:5)
  A water moccasin (D:5)
  A sky beast (D:5)
  2 howler monkeys
  Crazy Yiuf (D:4)
  A bullfrog skeleton (D:4)
  2 orc priests (D:4)
  3 orc wizards (D:4)
  An iguana (D:5)
  4 worker ants
  3 gnolls (D:4)
  3 adders
  A shadow imp (D:5)
  3 oozes
  A worm (D:3)
  A dart slug (D:2)
  4 leopard geckos
  11 orcs
  10 bats
  A giant cockroach (D:2)
  7 goblins
  8 hobgoblins
  10 jackals
  4 quokkas
  A ball python (D:2)
  6 frilled lizards
  9 kobolds
  A quokka skeleton (D:4)
  7 rats
109 creatures vanquished.

Notes
Turn   | Place    | Note
-------+----------+-------------------------------------------
     0 | D:1      | HereIgoKillingAgain the Deep Elf Fire Elementalist began
                  | the quest for the Orb.
     0 | D:1      | Reached XP level 1. HP: 10/10 MP: 6/6
   212 | D:1      | Reached XP level 2. HP: 15/15 MP: 4/8
   926 | D:2      | Reached XP level 3. HP: 15/19 MP: 10/10
  1167 | D:2      | Learned a level 3 spell: Conjure Flame
  1208 | D:2      | Reached skill level 4 in Spellcasting
  1812 | D:3      | Found a runed door.
  1813 | D:3      | Noticed Napalmbreeze's ghost (amateur DDFi)
  1896 | D:3      | Found a deep blue altar of Sif Muna.
  1955 | D:3      | Became a worshipper of Sif Muna the Loreminder
  2049 | D:3      | Reached XP level 4. HP: 24/24 MP: 12/12
  2259 | D:3      | Learned a level 4 spell: Sticky Flame
  2421 | D:3      | Noticed Grinder
  2452 | D:3      | Paralysed by Grinder for 6 turns
  2461 | D:3      | Killed Grinder
  2461 | D:3      | Reached * piety under Sif Muna
  2461 | D:3      | Reached skill level 5 in Spellcasting
  2461 | D:3      | Reached skill level 5 in Fire Magic
  2461 | D:3      | Reached XP level 5. HP: 6/28 MP: 8/15
  2461 | D:3      | Reached XP level 6. HP: 7/32 MP: 8/16
  3681 | D:4      | Reached skill level 6 in Spellcasting
  3977 | D:4      | Found Dianiguz's Distillery.
  3997 | D:4      | Reached XP level 7. HP: 32/36 MP: 18/18
  4054 | D:4      | Found a runed door.
  4118 | D:4      | Learned a level 5 spell: Fireball
  4149 | D:4      | Reached ** piety under Sif Muna
  4376 | D:4      | Found a sacrificial altar of Ru.
  4490 | D:4      | Noticed Crazy Yiuf
  4495 | D:4      | Killed Crazy Yiuf
  4495 | D:4      | Reached skill level 5 in Conjurations
  4567 | D:5      | Entered Level 5 of the Dungeon
  4577 | D:5      | Found a shadowy altar of Dithmenos.
  4577 | D:5      | Noticed Menkaure
  4596 | D:5      | Killed Menkaure
  4596 | D:5      | Reached skill level 7 in Spellcasting
  4789 | D:5      | Reached XP level 8. HP: 30/41 MP: 20/21
  5029 | D:5      | Shot with an arrow by a centaur

Vault maps used:
D:1:      dpeg_arrival_castle, minmay_misc_feat_encased
D:2:      roderic_serpentine_path, minmay_misc_feat_plants
D:3:      lemuel_blue_sif_altar, hellmonk_ghost_happy_afterlife, first_ration,
          uniq_grinder
D:4:      lemuel_round_altar, serial_shops, nicolae_shop_behind_doors,
          uniq_crazy_yiuf_cottage
D:5:      grunt_temple_overflow_open, nicolae_dithmenos_the_darkroom,
          minmay_temple_entry_glass, corner_web_ring, uniq_menkaure

Skill      XL: |  1  2  3  4  5  6  7 |
---------------+----------------------+-----
Conjurations   | 2 4 6 |  6.0
Spellcasting   | 4 5 6 7 |  7.8
Fire Magic     | 4 5 6 |  6.8
Dodging        | |  2.4
Stealth        | |  2.4

Action                   |  1- 3 |  4- 6 |  7- 9 || total
-------------------------+-------+-------+-------++-------
Melee: Unarmed           |     7 |    29 |       ||    36
       Short sword       |       |    93 |       ||    93
       Dagger            |       |    14 |     2 ||    16
       Quarterstaff      |       |       |     8 ||     8
 Cast: Flame Tongue      |    83 |    77 |    42 ||   202
       Sticky Flame      |       |     6 |    11 ||    17
       Conjure Flame     |       |     3 |     2 ||     5
  Use: Scroll            |     1 |       |    10 ||    11
       Potion            |       |     7 |       ||     7
 Stab: Sleeping          |       |     1 |       ||     1
  Eat: Chunk             |     2 |     1 |     5 ||     8
       Ration            |     1 |     1 |       ||     2
Armor: Robe              |    10 |    53 |     9 ||    72
Dodge: Dodged            |    26 |   128 |    28 ||   182

Table legend:
 A = Non-vault XP
 B = Vault XP
 C = Vault XP percentage of total XP
 D = Non-vault monster count
 E = Vault monster count
 F = Vault count percentage of total count
                 A         B        C        D         E       F
            +---------+---------+-------+---------+---------+-------
      Total |    1066 |     513 |  32.5 |     106 |       3 |   2.8
            +---------+---------+-------+---------+---------+-------
        D:1 |      39 |       0 |   0.0 |      20 |       0 |   0.0
        D:2 |      39 |       0 |   0.0 |      17 |       0 |   0.0
        D:3 |     114 |     300 |  72.5 |      29 |       1 |   3.3
        D:4 |     429 |      41 |   8.7 |      28 |       1 |   3.4
        D:5 |     445 |     172 |  27.9 |      12 |       1 |   7.7
            +---------+---------+-------+---------+---------+-------
